 Dungeon Crawl Stone Soup version 0.24.1-14-gf8d2b509d9 (webtiles) character file.

Game seed: 14465651145941337956, levelgen mode: deterministic

305 Mrkan the Shield-Bearer (level 6, -1/53 HPs)
             Began as a Gnoll Fighter on May 15, 2020.
             Was a Follower of Ashenzari.
             Slain by Duvessa
             ... wielding a +1 rapier of electrocution
              (19 damage)
             ... on level 3 of the Dungeon on May 16, 2020.
             The game lasted 00:04:30 (3123 turns).

Mrkan the Shield-Bearer (Gnoll Fighter)             Turns: 3123, Time: 00:04:30

Health: -1/53      AC: 11    Str: 21    XL:     6   Next: 39%
Magic:  8/8        EV:  7    Int: 10    God:    Ashenzari [*.....]
Gold:   115        SH: 11    Dex: 14    Spells: 8/8 levels left

rFire    . . .     SeeInvis .   a - +0 trident
rCold    . . .     Gourm    .   c - +0 shield (curse)
rNeg     . . .     Faith    .   w - +0 chain mail
rPois    .         Spirit   .   l - +0 helmet (curse)
rElec    .         Reflect  .   (no cloak)
rCorr    .         Harm     .   (no gloves)
MR       .....                  (no boots)
Stlth    ..........             (no amulet)
HPRegen  0.17/turn              (no ring)
MPRegen  0.11/turn              (no ring)

@: no status effects
A: distributed training, fangs 1, strong nose
a: Curse Item, Scrying, Renounce Religion


You were on level 3 of the Dungeon.
You worshipped Ashenzari.
Ashenzari was aware of your devotion.
You were very hungry.

You visited 1 branch of the dungeon, and saw 4 of its levels.

You collected 115 gold pieces.

Inventory:

Hand Weapons
 a - a +0 trident (weapon)
 v - a +0 morningstar
Missiles
 x - 7 javelins (quivered)
Armour
 c - a cursed +0 shield (worn)
 l - a cursed +0 helmet (worn)
 w - a +0 chain mail (worn)
Scrolls
 h - 2 scrolls of remove curse
 k - 3 scrolls of fog {unknown}
 m - a scroll of immolation {unknown}
 n - 5 scrolls of identify {unknown}
 q - a scroll of teleportation {unknown}
 r - a scroll of blinking {unknown}
 u - 2 scrolls of enchant weapon {unknown}
Potions
 b - a potion of magic {unknown}
 d - a potion of might
 e - 2 potions of cancellation {unknown}
 g - 2 potions of agility {unknown}
 i - a potion of flight {unknown}
 j - 2 potions of mutation {unknown}
 o - 3 potions of curing {unknown}
 p - 2 potions of haste {unknown}
 s - a potion of invisibility {unknown}
Comestibles
 f - 7 rations


   Skills:
 + Level 6.8 Fighting
 + Level 1.9 Short Blades
 + Level 1.9 Long Blades
 + Level 1.9 Axes
 + Level 1.9 Maces & Flails
 + Level 4.9 Polearms
 + Level 1.9 Staves
 + Level 1.9 Slings
 + Level 1.9 Bows
 + Level 1.9 Crossbows
 + Level 1.9 Throwing
 + Level 6.8 Armour
 + Level 1.9 Dodging
 + Level 1.9 Stealth
 + Level 6.8 Shields
 + Level 1.9 Unarmed Combat
 + Level 1.9 Spellcasting
 + Level 1.5 Conjurations
 + Level 1.5 Hexes
 + Level 1.5 Charms
 + Level 1.5 Summonings
 + Level 1.5 Necromancy
 + Level 1.5 Translocations
 + Level 1.5 Transmutations
 + Level 1.5 Fire Magic
 + Level 1.5 Ice Magic
 + Level 1.5 Air Magic
 + Level 1.5 Earth Magic
 + Level 1.5 Poison Magic
 + Level 2.1 Invocations
 + Level 1.9 Evocations


You had 8 spell levels left.
You didn't know any spells.
Your spell library was empty.

Dungeon Overview and Level Annotations

Branches:
Dungeon (4/15)
 Temple: D:4-7

Altars:
Ashenzari
Cheibriados
Hepliaklqana
Kikubaaqudgha
Nemelex Xobeh

Annotations:
D:3 Dowan, Duvessa


Innate Abilities, Weirdness & Mutations

Your experience applies equally to all skills.
You have very sharp teeth.
Your uncanny sense of smell can sniff out nearby items.


Message History

Duvessa barely misses you.
You barely miss Duvessa.
Duvessa is severely wounded.
Dowan casts a spell at Duvessa.
Duvessa seems to speed up.
You block Duvessa's attack.
You barely miss Duvessa.
Duvessa is severely wounded.
You block Duvessa's attack.
Dowan casts a spell.
Dowan blinks!
You hit Duvessa.
Duvessa is severely wounded.
Duvessa barely misses you.
Duvessa says, "My weaknesses are his strengths!"
Duvessa closely misses you.
You hit Duvessa but do no damage.
Duvessa is severely wounded.
Duvessa hits you with a +1 rapier of electrocution.
You are electrocuted!!
You die...

..........# #........####.#..
..........# #........# ###.#
###+###'### #........# #.#
..#.###[# #........# #.#
#.....#'#### #........######.#
..###......############.........#
)##.##.....'.....# ###########
.'(.(#.....#####e# #..........
.##.##....(# #@########.#######
..#รท#####..# #e##...# #.#
###.##.)##(# #.##.#.###.####
(('#')..(#.#####.##.......##.#
...##....#...)>..####.######.#
(..###.(##...................#
.(.).####........####.######.####
..##(............# #............
###.##.(.........###########.####


You could see Duvessa and Dowan.

Vanquished Creatures
  Terence (D:2)
  Jessica (D:2)
  Natasha (twice) (D:2)
  A bullfrog skeleton (D:3)
  A worker ant (D:3)
  A gnoll (D:1)
  3 adders (D:3)
  4 oozes
  2 worms
  3 dart slugs
  4 leopard geckos (D:3)
  5 orcs (D:3)
  3 ball pythons
  3 giant cockroaches
  7 hobgoblins
  8 jackals
  11 kobolds
  9 bats
  6 frilled lizards
  12 rats
87 creatures vanquished.

Notes
Turn   | Place    | Note
-------+----------+-------------------------------------------
     0 | D:1      | Mrkan the Gnoll Fighter began the quest for the Orb.
     0 | D:1      | Reached XP level 1. HP: 23/23 MP: 1/1
   115 | D:1      | Reached XP level 2. HP: 27/29 MP: 2/2
   379 | D:1      | Reached XP level 3. HP: 35/35 MP: 3/3
   798 | D:2      | Reached skill level 1 in Invocations
   842 | D:2      | Found a sparkling altar of Nemelex Xobeh.
   842 | D:2      | Found a shattered altar of Ashenzari.
   843 | D:2      | Found an ancient bone altar of Kikubaaqudgha.
   843 | D:2      | Found a hazy altar of Hepliaklqana.
   848 | D:2      | Became a worshipper of Ashenzari the Shackled
   901 | D:2      | Noticed Terence
   938 | D:2      | Killed Terence
   938 | D:2      | Reached skill level 1 in Short Blades
   938 | D:2      | Reached skill level 1 in Long Blades
   938 | D:2      | Reached skill level 1 in Axes
   938 | D:2      | Reached skill level 1 in Maces & Flails
   938 | D:2      | Reached skill level 1 in Staves
   938 | D:2      | Reached skill level 1 in Slings
   938 | D:2      | Reached skill level 1 in Bows
   938 | D:2      | Reached skill level 1 in Crossbows
   938 | D:2      | Reached skill level 1 in Throwing
   938 | D:2      | Reached skill level 1 in Dodging
   938 | D:2      | Reached skill level 1 in Stealth
   938 | D:2      | Reached skill level 1 in Unarmed Combat
   938 | D:2      | Reached skill level 1 in Spellcasting
   938 | D:2      | Reached skill level 1 in Evocations
   938 | D:2      | Reached XP level 4. HP: 34/41 MP: 5/5
  1065 | D:2      | Noticed Natasha
  1073 | D:2      | Killed Natasha
  1073 | D:2      | Reached skill level 1 in Conjurations
  1073 | D:2      | Reached skill level 1 in Hexes
  1073 | D:2      | Reached skill level 1 in Charms
  1073 | D:2      | Reached skill level 1 in Summonings
  1073 | D:2      | Reached skill level 1 in Necromancy
  1073 | D:2      | Reached skill level 1 in Translocations
  1073 | D:2      | Reached skill level 1 in Transmutations
  1073 | D:2      | Reached skill level 1 in Fire Magic
  1073 | D:2      | Reached skill level 1 in Ice Magic
  1073 | D:2      | Reached skill level 1 in Air Magic
  1073 | D:2      | Reached skill level 1 in Earth Magic
  1073 | D:2      | Reached skill level 1 in Poison Magic
  1181 | D:2      | Noticed Jessica
  1201 | D:2      | Reached XP level 5. HP: 41/47 MP: 6/6
  1208 | D:2      | Killed Jessica
  1370 | D:2      | Noticed Natasha
  1375 | D:2      | Killed Natasha
  1725 | D:3      | Reached * piety under Ashenzari
  2112 | D:3      | Found a snail-covered altar of Cheibriados.
  2207 | D:3      | Reached XP level 6. HP: 50/53 MP: 8/8
  2709 | D:4      | Noticed Dowan
  2712 | D:4      | Noticed Duvessa
  3123 | D:3      | Slain by Duvessa

Levels and vault maps discovered:
D:1:      dpeg_arrival_rooms_b, layout_basic
D:2:      cheibrodos_old_hovel, layout_basic,
          chequers_temple_overflow_statue_of_worship, uniq_terence,
          uniq_natasha, uniq_jessica
D:3:      layout_basic, kennysheep_slug_shrine, grunt_ministairs_4,
          minmay_joined_circles
D:4:      layout_rooms, nicolae_ru_the_path_less_chosen,
          gammafunk_temple_overflow_claw, uniq_duvessa, uniq_menkaure,
          uniq_eustachio

Skill      XL: |  1  2  3  4  5  6 |
---------------+-------------------+-----
Invocations    | 1 2 |  2.1
Short Blades   | 1 |  1.9
Long Blades    | 1 |  1.9
Axes           | 1 |  1.9
Maces & Flails | 1 |  1.9
Staves         | 1 |  1.9
Slings         | 1 |  1.9
Bows           | 1 |  1.9
Crossbows      | 1 |  1.9
Throwing       | 1 |  1.9
Dodging        | 1 |  1.9
Stealth        | 1 |  1.9
Unarmed Combat | 1 |  1.9
Spellcasting   | 1 |  1.9
Evocations     | 1 |  1.9
Conjurations   | 1 |  1.5
Hexes          | 1 |  1.5
Charms         | 1 |  1.5
Summonings     | 1 |  1.5
Necromancy     | 1 |  1.5
Translocations | 1 |  1.5
Transmutations | 1 |  1.5
Fire Magic     | 1 |  1.5
Ice Magic      | 1 |  1.5
Air Magic      | 1 |  1.5
Earth Magic    | 1 |  1.5
Poison Magic   | 1 |  1.5
Fighting       | |  6.8
Polearms       | |  4.9
Armour         | |  6.8
Shields        | |  6.8

Action                   |  1- 3 |  4- 6 || total
-------------------------+-------+-------++-------
Melee: Trident           |   124 |   147 ||   271
       Bite              |    14 |    17 ||    31
       Unarmed           |       |    19 ||    19
Invok: Curse Item        |     1 |       ||     1
  Eat: Chunk             |       |     6 ||     6
Armor: Scale mail        |    49 |    29 ||    78
       Chain mail        |       |    26 ||    26
Dodge: Dodged            |    57 |    62 ||   119
Block: Shield            |    89 |    74 ||   163
